 Dungeon Crawl Stone Soup version 0.24-a0-504-gcfb02b9d07 (webtiles) character file.

Game seed: 13401620832991659350

8953 KristoblXynda the Carver (level 11, 0/82 HPs)
             Began as a Pale Draconian Fighter on July 16, 2019.
             Was an Initiate of Gozag.
             Slain by a black mamba (18 damage)
             ... on level 8 of the Dungeon.
             The game lasted 00:16:11 (11448 turns).

KristoblXynda the Carver (Pale Draconian Fighter)  Turns: 11448, Time: 00:16:12

Health: 0/82       AC:  8    Str: 19    XL:     11   Next: 16%
Magic:  16/16      EV: 14    Int: 12    God:    Gozag
Gold:   1877       SH: 14    Dex: 10    Spells: 10/10 levels left

rFire    . . .     SeeInvis .   a - +1 long sword
rCold    . . .     Gourm    .   b - +0 shield
rNeg     . . .     Faith    .   (armour unavailable)
rPois    .         Spirit   .   (helmet restricted)
rElec    .         Reflect  +   n - -1 cloak (curse)
rCorr    .         Harm     .   t - +0 pair of gloves
MR       .....                  (no boots)
Stlth    +.........             B - +3 amulet of reflection
HPRegen  0.23/turn              (no ring)
MPRegen  0.15/turn              (no ring)

@: lethally poisoned (0 -> -11)
A: breathe steam, unfitting armour, cold-blooded, AC +7
a: Breathe Steam, Potion Petition, Call Merchant, Bribe Branch, Renounce
Religion


You were on level 8 of the Dungeon.
You worshipped Gozag.
Gozag was most pleased with you.
You were not hungry.

You visited 3 branches of the dungeon, and saw 11 of its levels.

You collected 1943 gold pieces.
You paid 66 gold pieces to Gozag.

Inventory:

Hand Weapons
 a - a +1 long sword (weapon)
 D - the +9 staff of Olgreb {rPois}
   (You found it on level 6 of the Dungeon)

   It protects you from poison.
Missiles
 q - 2 throwing nets (quivered)
Armour
 b - a +0 shield (worn)
 n - a cursed -1 cloak (worn)
 t - a +0 pair of gloves (worn)
Jewellery
 u - an uncursed ring of ice
 B - a +3 amulet of reflection (around neck)
Wands
 o - a wand of clouds (6)
 s - a wand of paralysis (1)
Scrolls
 g - 3 scrolls of enchant weapon
 i - a scroll of blinking
 j - 2 scrolls of teleportation
 p - a scroll of immolation
 v - 2 scrolls of fear
 w - 2 scrolls of remove curse
 y - a scroll of fog
Potions
 c - a potion of might
 e - 2 potions of cancellation
 f - 2 potions of haste
 h - 5 potions of mutation
 k - a potion of resistance
 l - 2 potions of agility
 m - 3 potions of heal wounds
 r - a potion of flight
 x - a potion of invisibility {unknown}
 z - a potion of lignification
 A - a potion of ambrosia {unknown}
 C - a potion of magic
 E - a potion of curing
Comestibles
 d - 14 rations


   Skills:
 - Level 3.2 Fighting
 + Level 10.2 Long Blades
 + Level 8.6 Dodging
 + Level 9.3 Shields
 + Level 7.9 Evocations


You had 10 spell levels left.
You didn't know any spells.
Your spell library contained the following spells:

 Spells                   Type           Power        Failure   Level  Hunger
 Flame Tongue             Conj/Fire      #....        56%         1    ##.....
 Sandblast                Erth           #.....       56%         1    ##.....
 Summon Small Mammal      Summ           #...         56%         1    ##.....
 Call Imp                 Summ           #.......     71%         2    ###....
 Passwall                 Tmut/Erth      #.......     71%         2    ###....
 Throw Flame              Conj/Fire      #.....       71%         2    ###....
 Call Canine Familiar     Summ           #.......     90%         3    ####...
 Conjure Flame            Conj/Fire      #.......     90%         3    ####...
 Inner Flame              Hex/Fire       #.......     90%         3    ####...
 Stone Arrow              Conj/Erth      #.....       90%         3    ####...
 Summon Guardian Golem    Hex/Summ       #.......     90%         3    ####...
 Petrify                  Tmut/Erth      #.......     100%        4    #####..
 Sticky Flame             Conj/Fire      #.......     100%        4    #####..
 Summon Ice Beast         Ice/Summ       #.......     100%        4    #####..
 Summon Lightning Spire   Summ/Air       #.......     100%        4    #####..
 Fireball                 Conj/Fire      #.........   100%        5    ######.
 Lee's Rapid Deconstruct  Erth           #.........   100%        5    ######.


Dungeon Overview and Level Annotations

Branches:
Dungeon (9/15)             Temple (1/1) D:4            Lair (1/6) D:8
    Orc: D:9-12

Altars:
Ashenzari
Cheibriados
Dithmenos
Elyvilon
Fedhas
Gozag
Hepliaklqana
Kikubaaqudgha
Makhleb
Nemelex Xobeh
Okawaru
Qazlal
Ru
Sif Muna
Trog
Uskayaw
Vehumet
Wu Jian
Xom
Yredelemnul
Zin
The Shining One

Annotations:
D:6 1 runed translucent door


Innate Abilities, Weirdness & Mutations

You can breathe blasts of scalding, opaque steam.
Your pale cyan-grey scales are hard. (AC +7)
You cannot fit into any form of body armour.
You are cold-blooded and may be slowed by cold attacks.


Message History

You feel very sick.
You hit the yak. You tail-slap the yak.
The yak is lightly wounded.
You feel sick. You block the black mamba's attack. The yak gores you.
You block the black mamba's attack.
You slash the yak!
Your tail-slap misses the yak.
The yak is moderately wounded.
You feel sick. The black mamba misses you. The yak gores you.
* * * LOW HITPOINT WARNING * * *
You block the yak's attack. The black mamba closely misses you.
You riposte.
You completely miss the black mamba.
The black mamba is lightly wounded.
You feel sick. The yak closely misses you.
You riposte.
You hit the yak.
The yak is heavily wounded.
The yak gores the plant.
You block the black mamba's attack.
You feel sick. You block the black mamba's attack.
You feel sick. You block the yak's attack.
The yak gores the plant.
You feel sick. The black mamba bites you!!
You die...
Your body crumbles into a pile of gold. ########### ##PPPPPPPPP## ##PPPPPP...PP#

##.P.PPPP.>.PP#
#.....PP....PP#
#........PPPPP#
#.#....YYPP.PP#
###.##...PS.PP.##
#...####..@..###
####+##.#####.###
#.............###
#.......#.......#
####.......#######.#
[..####'#.......##.#
##.# #.#.#####.##.#
...# #.#.....#.##.#
...####.#####.#.##.#


You could see a black mamba and 2 yaks.

Vanquished Creatures
  A black mamba (D:8)
  Psyche (D:8)
  A molten gargoyle (D:9)
  A komodo dragon (D:8)
  Grinder (D:5)
  10 yaks (D:8)
  A human (D:9)
  The ghost of p0werm0de the Skirmisher, an amateur DsWn of Ru (D:5)
  4 hogs (D:9)
  7 soldier ants (D:6)
  3 water moccasins (D:6)
  2 ice beasts
  An orc warrior (D:8)
  2 necrophages
  2 sky beasts
  4 ogres
  4 centaurs
  A crocodile (D:8)
  A big kobold (D:7)
  2 bullfrogs
  3 scorpions
  A water moccasin zombie (D:6)
  13 killer bees
  11 wights
  3 howler monkeys
  2 crimson imps
  A hound (D:7)
  2 jellies
  A centaur skeleton (D:6)
  3 orc priests
  Ijyb (D:5)
  4 iguanas
  7 orc wizards
  11 worker ants
  2 hound skeletons
  A howler monkey zombie (D:7)
  8 gnolls
  13 adders
  A shadow imp (D:5)
  2 oozes
  2 worms
  5 dart slugs
  4 leopard geckos
  43 orcs
  13 giant cockroaches
  15 goblins
  15 hobgoblins
  6 jackals
  A quokka (D:8)
  4 ball pythons
  5 bats
  7 frilled lizards
  24 kobolds
  2 rats
  2 bushes (D:6)
  A plant (D:8)
289 creatures vanquished.

Vanquished Creatures (others)
  A plant (D:8)
1 creature vanquished.

Grand Total: 290 creatures vanquished

Notes
Turn   | Place    | Note
-------+----------+-------------------------------------------
     0 | D:1      | KristoblXynda the Draconian Fighter began the quest for the
                  | Orb.
     0 | D:1      | Reached XP level 1. HP: 19/19 MP: 1/1
   107 | D:1      | Reached XP level 2. HP: 21/26 MP: 2/2
   375 | D:1      | You fall into a shaft and drop 1 floor!
   465 | D:1      | Reached XP level 3. HP: 29/31 MP: 3/3
   525 | D:1      | Reached skill level 3 in Long Blades
  1283 | D:2      | Reached XP level 4. HP: 33/38 MP: 4/4
  1803 | D:2      | Found a shattered altar of Ashenzari.
  2080 | D:3      | Reached skill level 4 in Long Blades
  2080 | D:3      | Reached XP level 5. HP: 26/45 MP: 5/5
  2642 | D:4      | Noticed an ogre
  2701 | D:4      | Killed an ogre
  2701 | D:4      | Reached XP level 6. HP: 37/51 MP: 6/6
  2804 | D:4      | Reached skill level 5 in Long Blades
  3259 | D:4      | Found a staircase to the Ecumenical Temple.
  3283 | D:4      | Your scales start taking on a pale cyan-grey colour.
  3283 | D:4      | Reached XP level 7. HP: 15/57 MP: 7/7
  3512 | Temple   | Entered the Ecumenical Temple
  3527 | Temple   | Became a worshipper of Gozag Ym Sagoz the Greedy
  4311 | D:5      | Entered Level 5 of the Dungeon
  4331 | D:5      | Found a runed translucent door.
  4336 | D:5      | Noticed p0werm0de's ghost (amateur DsWn)
  4355 | D:5      | Killed p0werm0de's ghost
  4355 | D:5      | Reached skill level 6 in Long Blades
  4355 | D:5      | Reached skill level 5 in Shields
  4681 | D:5      | Noticed Grinder
  4691 | D:5      | Paralysed by Grinder for 5 turns
  4699 | D:5      | Killed Grinder
  4699 | D:5      | Reached skill level 5 in Dodging
  4699 | D:5      | Reached XP level 8. HP: 13/63 MP: 8/8
  4981 | D:5      | Reached skill level 7 in Long Blades
  5023 | D:5      | Noticed Ijyb
  5023 | D:5      | Paralysed by Ijyb for 7 turns
  5036 | D:5      | Paralysed by Ijyb for 7 turns
  5043 | D:5      | Killed Ijyb
  5228 | D:5      | Reached skill level 1 in Evocations
  5629 | D:6      | Found a runed translucent door.
  5633 | D:6      | Found a runed translucent gate.
  5633 | D:6      | Found a runed translucent gate.
  5638 | D:6      | Found a runed translucent door.
  5640 | D:6      | Found the +9 staff of Olgreb {rPois}
  5665 | D:6      | Found a runed translucent gate.
  6402 | D:7      | Reached XP level 9. HP: 68/70 MP: 11/11
  6597 | D:7      | Reached skill level 8 in Long Blades
  7414 | D:8      | Reached skill level 5 in Evocations
  7419 | D:8      | Noticed Psyche
  7438 | D:8      | Killed Psyche
  7780 | D:8      | Reached XP level 10. HP: 56/77 MP: 14/14
  7794 | D:8      | Reached skill level 9 in Long Blades
  8345 | D:8      | Found a staircase to the Lair.
  9763 | D:9      | Found a glowing golden altar of the Shining One.
  9880 | D:9      | Reached skill level 10 in Long Blades
 10111 | D:9      | Reached XP level 11. HP: 82/82 MP: 16/16
 10539 | D:9      | HP: 3/82 [molten gargoyle/bolt of magma (19)]
 10913 | Lair:1   | Entered Level 1 of the Lair of Beasts
 11448 | D:8      | Slain by a black mamba

Levels and vault maps discovered:
D:1:      co_arrival_random_square_maze, layout_basic, grunt_decor_one_mirror,
          nrook_campfire
D:2:      minmay_roachtagon, layout_loops_ring, nicolae_overflow_hidden_temple
D:3:      layout_loops_ring, kennysheep_generic_room_8
D:4:      corexii_shantytown, layout_basic, minmay_temple_entry_proselytizer,
          first_ration, st_stairs_14
D:5:      layout_cave_pools, ebering_ghost_sewer_d, kennysheep_generic_room_11,
          uniq_grinder, uniq_ijyb
D:6:      layout_loops_ring, kennysheep_decorative_pillar, minmay_hedge_maze,
          minmay_guarded_unrand_staff_of_olgreb
D:7:      layout_loops_ring
D:8:      layout_basic, david_lair_shrubbed, kennysheep_generic_room_15,
          uniq_psyche
D:9:      layout_long_grid, basic_altar, grunt_livestock, minivault_8
Temple:   grunt_wide_crystal_templ
Lair:1:   layout_small_grid

Skill      XL: |  1  2  3  4  5  6  7  8  9 10 |
---------------+-------------------------------+-----
Dodging        | 3 4 5 6 7 8 |  8.6
Long Blades    | 3 4 5 6 7 8 10 | 10.2
Shields        | 4 5 6 7 9 |  9.3
Evocations     | 3 5 7 |  7.9
Fighting       | |  3.2

Action                   |  1- 3 |  4- 6 |  7- 9 | 10-12 || total
-------------------------+-------+-------+-------+-------++-------
Melee: Long sword        |    99 |   169 |   436 |   213 ||   917
       Tailslap          |    12 |    14 |    74 |    35 ||   135
Throw: Throwing net      |       |       |     1 |     2 ||     3
 Abil: Breathe Steam     |       |       |    31 |    25 ||    56
Evoke: Wand              |       |       |     2 |     4 ||     6
  Use: Scroll            |     1 |     9 |    11 |     3 ||    24
       Potion            |       |     2 |       |     3 ||     5
 Stab: Sleeping          |     1 |     2 |     1 |       ||     4
       Distracted        |       |       |     2 |     1 ||     3
       Paralysed         |       |       |     7 |       ||     7
       Held in net/web   |       |       |       |     2 ||     2
  Eat: Chunk             |     1 |     7 |     1 |       ||     9
       Ration            |       |       |     6 |     4 ||    10
Armor: Skin              |    25 |    40 |    78 |    27 ||   170
Dodge: Dodged            |    41 |    79 |   160 |    76 ||   356
Block: Shield            |    51 |    74 |   213 |   106 ||   444
       Rpst.: Long sword |    14 |    23 |    45 |    17 ||    99

Table legend:
 A = Non-vault XP
 B = Vault XP
 C = Vault XP percentage of total XP
 D = Non-vault monster count
 E = Vault monster count
 F = Vault count percentage of total count
                 A         B        C        D         E       F
            +---------+---------+-------+---------+---------+-------
      Total |    7565 |    5226 |  40.9 |     200 |      86 |  30.1
            +---------+---------+-------+---------+---------+-------
        D:1 |      59 |       0 |   0.0 |      32 |       0 |   0.0
        D:2 |      90 |      24 |  21.1 |      18 |      12 |  40.0
        D:3 |     131 |      54 |  29.2 |      20 |       1 |   4.8
        D:4 |     340 |     175 |  34.0 |       5 |      35 |  87.5
        D:5 |     333 |     559 |  62.7 |      14 |       6 |  30.0
        D:6 |     934 |    2227 |  70.5 |      26 |      23 |  46.9
        D:7 |    1118 |       0 |   0.0 |      29 |       0 |   0.0
        D:8 |    4377 |     804 |  15.5 |      53 |       3 |   5.4
        D:9 |     183 |    1383 |  88.3 |       3 |       6 |  66.7
            +---------+---------+-------+---------+---------+-------
